 Dungeon Crawl Stone Soup version 0.30.0-13-g156ef70053 (webtiles) character file.

Game seed: 12483267660934875551

511 browni3141 the Firebug (level 6, -8/43 HPs)
             Began as a Demonspawn Fire Elementalist on May 17, 2023.
             Mangled by a two-headed ogre
             ... wielding a +0 giant club
              (27 damage)
             ... on level 3 of the Dungeon.
             The game lasted 00:06:48 (3924 turns).

browni3141 the Firebug (DsFE)                       Turns: 3924, Time: 00:06:48

Health: -8/43      AC:  2    Str:  9    XL:     6   Next: 99%
Magic:  9/9        EV: 15    Int: 18    God:
Gold:   217        SH:  5    Dex: 13    Spells: 6/9 levels left

rFire   . . .        V - +1 mace (protect)
rCold   . . .        (no shield)
rNeg    . . .        a - +0 robe
rPois   .            (helmet restricted)
rElec   .            (no cloak)
rCorr   .            (no gloves)
SInv    .            (no boots)
Will    .....        X - amulet of reflection
Stlth   ++           (no ring)
HPRegen 0.27/turn    (no ring)
MPRegen 0.22/turn

%: reflection
@: no status effects
A: antennae 2, repulsion field 2, magic regeneration
a: no special abilities


You were on level 3 of the Dungeon.
You visited 1 branch of the dungeon, and saw 4 of its levels.
You also visited: Sewer.

You collected 217 gold pieces.

Inventory:

Hand Weapons
 q - a +0 short sword
 V - a +1 mace of protection (weapon)
Missiles
 J - 6 poisoned darts
 T - 6 boomerangs
Armour
 a - a +0 robe (worn)
 R - a +0 pair of boots
Jewellery
 X - an amulet of reflection (around neck)
Scrolls
 n - a scroll of enchant armour {unknown}
 o - 3 scrolls of magic mapping {unknown}
 p - 4 scrolls of identify {unknown}
 s - 2 scrolls of poison {unknown}
 t - 2 scrolls of teleportation {unknown}
 u - a scroll of vulnerability {unknown}
 W - 2 scrolls of amnesia {unknown}
Potions
 m - a potion of magic
 r - a potion of curing {unknown}
 Q - a potion of attraction {unknown}
 S - 2 potions of mutation {unknown}
 U - a potion of degeneration {unknown}
 Y - a potion of lignification {unknown}
 Z - a potion of berserk rage


   Skills:
 - Level 1.0 Fighting
 - Level 1.8 Dodging
 - Level 1.8 Stealth
 - Level 2.0 Spellcasting
 - Level 1.0 Conjurations
 * Level 7.1 Fire Magic


You had 6 spell levels left.
You knew the following spells:

 Your Spells              Type           Power      Damage    Failure   Level
x - Scorch                Fire           54%        2d7       1%          2
z - Foxfire               Conj/Fire      64%        2x1d7     3%          1

Your spell library contained the following spells:

 Spells                   Type           Power      Damage    Failure   Level
 Inner Flame              Hex/Fire       14%        N/A       12%         3
 Volatile Blastmotes      Fire/Tloc      28%        2d12      12%         3
 Summon Small Mammal      Summ           4%         N/A       19%         1
 Flame Wave               Conj/Fire      16%        2d7       32%         4
 Call Canine Familiar     Summ           1%         N/A       47%         3
 Summon Guardian Golem    Hex/Summ       1%         N/A       47%         3


Dungeon Overview and Level Annotations

Branches:
Dungeon (4/15)              Sewer (visited)
 Temple: D:4-7

Altars:
Ru
Vehumet


Innate Abilities, Weirdness & Mutations

You have a pair of antennae on your head.
You are surrounded by a moderate repulsion field. (EV +3)
You regenerate magic rapidly.


Message History

The foxfire hits the iguana.
The iguana is lightly wounded.
The foxfire hits the iguana.
The iguana is moderately wounded.
You conjure some foxfire!
The foxfire hits the quokka.
You kill the quokka!
The foxfire hits the iguana.
The iguana is heavily wounded.
Your Fire Magic skill increases to level 7!
The foxfire hits the two-headed ogre.
The two-headed ogre is severely wounded.
The foxfire hits the two-headed ogre.
The two-headed ogre is severely wounded.
You see here a +0 rapier.
There is a stone staircase leading up here.
The kobold throws a stone.
The stone closely misses you.
The kobold throws a stone.
You block the stone with an invisible shield... and reflect it back!
The stone hits the kobold but does no damage.
You see here a +0 rapier.
The kobold throws a stone.
The stone hits you.
There is a stone staircase leading up here.
You climb upwards.
There is a stone staircase leading down here.
Natasha, Servant of Life and Death comes into view.
You can't go down here!
You conjure some foxfire!
Natasha hisses angrily.
You conjure some foxfire!
The foxfire hits Natasha.
Natasha is lightly wounded.
You conjure some foxfire!
The foxfire hits Natasha but does no damage.
Natasha is lightly wounded.
The foxfire hits Natasha.
Natasha is moderately wounded.
The foxfire hits Natasha.
Natasha is heavily wounded.
You conjure some foxfire!
The foxfire hits Natasha!
Natasha is almost dead.
The foxfire hits Natasha.
You kill Natasha!
Natasha yowls pathetically as she dies!
You conjure some foxfire!
Level map cleared.
Your foxfire dissipates! x2
Your foxfire dissipates!
Your foxfire dissipates!
Magic restored.
There is an open door here.
You see here a +0 whip.
There is a white marble altar of Elyvilon here.
There is an open door here.
There is an open door here.
You see here a hobgoblin skeleton.
You see here 4 stones.
There is a broken door here.
There is a broken door here.
You see here a +0 whip.
You see here a +0 spear.
Things that are here:
a +0 scale mail; a +0 short sword Natasha, Servant of Life and Death comes into view.
You conjure some foxfire!
Natasha hisses angrily.
You conjure some foxfire!
The foxfire hits Natasha.
Natasha is moderately wounded.
Natasha mumbles some strange words.
The foxfire hits the cerulean imp.
The cerulean imp is lightly wounded.
You conjure some foxfire!
The foxfire hits Natasha.
Natasha is heavily wounded.
The foxfire hits Natasha.
Natasha is heavily wounded.
You conjure some foxfire!
The foxfire hits Natasha.
Natasha is severely wounded.
The foxfire hits Natasha.
Natasha is severely wounded.
You conjure some foxfire!
The foxfire hits Natasha.
You kill Natasha!
You feel Natasha's spirit has finally been put to rest.
The cerulean imp disappears in a puff of smoke!
Your foxfire dissipates! x3
There is a stone staircase leading down here.
Remembered map restored.
You climb downwards.
The two-headed ogre hits you with a +0 giant club!
You block the two-headed ogre's attack.
The kobold throws a stone.
You block the stone with an invisible shield... and reflect it back!
The stone closely misses the kobold.
The stone barely misses the goblin.
There is a stone staircase leading up, spattered with blood here.
The two-headed ogre misses you.
The two-headed ogre hits you with a +0 giant spiked club!
* * * LOW HITPOINT WARNING * * *
You climb upwards.
There is a stone staircase leading down here.
The two-headed ogre attacks as you move away!
The two-headed ogre barely misses you.
The two-headed ogre hits you with a +0 giant spiked club!!
Ouch! That really hurt!
You die...

######## ######## #......#
#..@...# #......###.O....#
#......##>......######
#......##............########
#......##....................
#......##......†......#......
#.............#...[[........~
#####.............######....~.~[~
..................# #...~~#~#)


You could see a two-headed ogre.

Vanquished Creatures
  Pargi (Sewer)
  An orc priest (D:3)
  Natasha (thrice) (D:3)
  3 orc wizards (D:3)
  10 adders
  5 gnolls
  A river rat (D:3)
  A worm (D:3)
  3 dart slugs
  5 orcs (D:3)
  4 endoplasms
  2 giant cockroaches
  5 goblins
  6 hobgoblins
  6 jackals
  4 quokkas
  5 ball pythons
  7 bats
  2 frilled lizards (D:2)
  3 kobolds
  9 rats
86 creatures vanquished.

Vanquished Creatures (collateral kills)
  2 foxfires (D:1)
2 creatures vanquished.

Vanquished Creatures (others)
  285 foxfires
285 creatures vanquished.

Grand Total: 373 creatures vanquished

Notes
Turn   | Place    | Note
-------+----------+-------------------------------------------
     0 | D:1      | browni3141 the Demonspawn Fire Elementalist began the quest
                  | for the Orb.
     0 | D:1      | Reached XP level 1. HP: 13/13 MP: 3/3
   352 | D:1      | Reached skill level 3 in Fire Magic
   352 | D:1      | Gained mutation: You have a pair of small antennae on your
                  | head. [demonic ancestry]
   352 | D:1      | Reached XP level 2. HP: 7/21 MP: 0/5
   998 | D:1      | Gained mutation: You have a pair of antennae on your head.
                  | [demonic ancestry]
   998 | D:1      | Reached XP level 3. HP: 26/26 MP: 6/6
  1517 | D:2      | Reached skill level 4 in Fire Magic
  1631 | D:2      | Learned a level 2 spell: Scorch
  1733 | D:2      | Gained mutation: You are surrounded by a mild repulsion
                  | field. (EV +2) [demonic ancestry]
  1733 | D:2      | Reached XP level 4. HP: 32/32 MP: 3/7
  2148 | D:3      | Found a radiant altar of Vehumet.
  2148 | D:3      | Found a sacrificial altar of Ru.
  2501 | D:3      | Reached skill level 5 in Fire Magic
  2503 | D:3      | Gained mutation: You regenerate magic rapidly. [demonic
                  | ancestry]
  2503 | D:3      | Reached XP level 5. HP: 37/37 MP: 4/8
  2652 | D:3      | Found a glowing drain.
  2754 | Sewer    | Entered a sewer
  2800 | Sewer    | Noticed Pargi
  2823 | Sewer    | Killed Pargi
  2824 | Sewer    | Reached skill level 6 in Fire Magic
  2824 | Sewer    | Gained mutation: You are surrounded by a moderate repulsion
                  | field. (EV +3) [demonic ancestry]
  2824 | Sewer    | Reached XP level 6. HP: 43/43 MP: 1/9
  3285 | D:3      | Found a faded altar of an unknown god.
  3369 | D:3      | Noticed Natasha
  3375 | D:3      | Killed Natasha
  3617 | D:4      | Noticed a two-headed ogre
  3625 | D:4      | Reached skill level 7 in Fire Magic
  3685 | D:3      | Noticed Natasha
  3689 | D:3      | Killed Natasha
  3767 | D:3      | Found a sacrificial altar of Ru.
  3776 | D:3      | Found a radiant altar of Vehumet.
  3865 | D:3      | Found a faded altar of an unknown god.
  3902 | D:3      | Noticed Natasha
  3907 | D:3      | Killed Natasha
  3924 | D:3      | Mangled by a two-headed ogre

Illustrated notes

Levels and vault maps discovered:
D:1:      nicolae_arrival_memento_mori, layout_basic, serial_forest,
          infiniplex_forest_clump_long, infiniplex_forest_zigzag_1,
          infiniplex_forest_3_way, infiniplex_forest_end_3,
          nicolae_grassy_gnolls
D:2:      layout_rooms
D:3:      layout_basic, chequers_temple_overflow_statue_of_worship,
          hellmonk_ecumenical_altar_inner_sanctum, lightli_sewer_entry_pipes,
          uniq_natasha
D:4:      layout_basic

Skill      XL: |  1  2  3  4  5  6 |
---------------+-------------------+-----
Fighting       | 1 |  1.0
Fire Magic     | 3 4 5 6 7 |  7.1
Dodging        | |  1.8
Stealth        | |  1.8
Spellcasting   | |  2.0
Conjurations   | |  1.0

Action                     |  1- 3 |  4- 6 || total
---------------------------+-------+-------++-------
  Melee: Unarmed           |    20 |       ||    20
         Short sword       |    55 |       ||    55
         Mace              |       |    37 ||    37
   Cast: Foxfire           |    39 |   126 ||   165
         Scorch            |       |     2 ||     2
   Stab: Sleeping          |     4 |     1 ||     5
 Armour: Robe              |     9 |    12 ||    21
  Dodge: Dodged            |    72 |    63 ||   135
  Block: Other             |       |    12 ||    12
         Reflection        |       |     2 ||     2
